 Dungeon Sprint DCSS version 0.29.1-2-gbd0b4ee654 (webtiles) character file.

Game seed: 2860324678958634214

55715 boopmooplesden the Executioner (level 14, -2/129 HPs)
             Began as a Minotaur Fighter on Nov 30, 2022.
             Was the Champion of Trog.
             Slain by a wandering mushroom (8 damage)
             ... summoned by a curse toe
             ... in the Dungeon (Sprint II: "The Violet Keep of Menkaure").
             The game lasted 00:21:55 (6463 turns).

boopmooplesden the Executioner (Minotaur Fighter)   Turns: 6463, Time: 00:21:56

Health: -2/129     AC: 24    Str: 37    XL:     14   Next: 39%
Magic:  20/20      EV: 24    Int:  2    God:    Trog [******]
Gold:   4808       SH:  0    Dex: 24    Spells: 13/13 levels left

rFire   + + .      SeeInvis .   W - +6 broad axe "Zuffynuru" {flame, rElec rCorr Stlth-}
rCold   + + .      Faith    .   l - +2 buckler of Somewhere Else {Str+5}
rNeg    + + .      Spirit   .   B - +0 swamp dragon scales of Vappuhu {rPois Stlth+}
rPois   +          Reflect  +   v - +2 hat
rElec   +          Harm     +   t - scarf {harm}
rCorr   +          Rampage  .   b - +5 pair of gloves of Mirth {rF+ Will+ Dex+3}
Will    ++...      NoTele   +   a - +2 pair of boots "Etebryss" {Regen+ Dex+4}
Stlth   ++........              i - amulet of reflection
HPRegen 1.11/turn               L - ring of Misk {rC+ rN+ MP+9 Str+2}
MPRegen 0.17/turn               k - ring "Holaiw" {rN+ Dex+8}

@: confused, on berserk cooldown, slowed, studying Unarmed Combat, unable to
drink, very slow
A: horns 2, retaliatory headbutt, cold resistance 1, dopey 1, fire resistance 1,
frail 2, low MP 1, screaming 1, strong 1, subdued magic 1, inability to drink
after injury 2, noise suppression
a: Renounce Religion, Berserk, Trog's Hand, Brothers in Arms


You were in the Dungeon.
You worshipped Trog.
Trog was exalted by your worship.
You visited 1 branch You collected 7191 gold pieces.
You spent 2383 gold pieces at shops.

Inventory:

Hand Weapons
 c - the +3 broad axe "Piobioli" {flame, *Corrode Str+8 Int-5 Stlth+}
   (Trog gifted it to you in the Dungeon)

   It burns those it strikes, dealing additional fire damage.
   Big, fiery blades are also staple armaments of hydra-hunters.
   Str:       It affects your strength (+8).
   Int:       It affects your intelligence (-5).
   *Corrode:  It may corrode you when you take damage.
   Stlth:     It makes you more stealthy.
 d - the +11 war axe of Revolt {vorpal, rF+}
   (You acquired it in the Dungeon)

   It inflicts extra damage upon your enemies.
   rF:        It protects you from fire.
 I - the +8 broad axe "Kuixtew" {vamp, rElec rF+ Dex+4 Stlth-}
   (You acquired it in the Dungeon)

   It occasionally heals its wielder for a portion of the damage dealt when it
   wounds a living foe.
   Dex:       It affects your dexterity (+4).
   rF:        It protects you from fire.
   rElec:     It insulates you from electricity.
   Stlth:     It makes you less stealthy.
 M - the +7 whip of Tension {freeze, rPois rC++ Int-5}
   (You found it in the Dungeon)

   It freezes those it strikes, dealing additional cold damage.
   It can also slow down cold-blooded creatures.
   Int:       It affects your intelligence (-5).
   rC:        It greatly protects you from cold.
   rPois:     It protects you from poison.
 N - a +2 antimagic broad axe
 Q - a +3 executioner's axe
 S - the +8 war axe "Yluuzeuwub" {flame, Dex+6}
   (Trog gifted it to you in the Dungeon)

   It burns those it strikes, dealing additional fire damage.
   Big, fiery blades are also staple armaments of hydra-hunters.
   Dex:       It affects your dexterity (+6).
 W - the +6 broad axe "Zuffynuru" (weapon) {flame, rElec rCorr Stlth-}
   (Trog gifted it to you in the Dungeon)

   It burns those it strikes, dealing additional fire damage.
   Big, fiery blades are also staple armaments of hydra-hunters.
   rElec:     It insulates you from electricity.
   rCorr:     It protects you from acid and corrosion.
   Stlth:     It makes you less stealthy.
 Y - the +4 rapier of Integrity {speed, *Noise rElec Int+4 Dex+6}
   (You took it off an orc priest in the Dungeon)

   Attacks with this weapon are significantly faster.
   Int:       It affects your intelligence (+4).
   Dex:       It affects your dexterity (+6).
   rElec:     It insulates you from electricity.
   *Noise:    It may make noises in combat.
Armour
 a - the +2 pair of boots "Etebryss" (worn) {Regen+ Dex+4}
   (You acquired it in the Dungeon)

   Dex:       It affects your dexterity (+4).
   Regen:     It increases your rate of health regeneration.
 b - the +5 pair of gloves of Mirth (worn) {rF+ Will+ Dex+3}
   (You acquired it in the Dungeon)

   Dex:       It affects your dexterity (+3).
   rF:        It protects you from fire.
   Will:      It increases your willpower.
 l - the +2 buckler of Somewhere Else (worn) {Str+5}
   (You bought it in a shop in the Dungeon)

   Str:       It affects your strength (+5).
 t - a scarf of harm (worn)
 v - a +2 hat (worn)
 B - the +0 swamp dragon scales of Vappuhu (worn) {rPois Stlth+}
   (You bought it in a shop in the Dungeon)

   rPois:     It protects you from poison.
   Stlth:     It makes you more stealthy.
 R - +2 fire dragon scales
Jewellery
 i - an amulet of reflection (around neck)
 k - the ring "Holaiw" (right hand) {rN+ Dex+8}
   (You acquired it in the Dungeon)

   [ring of positive energy]

   Dex:       It affects your dexterity (+8).
   rN:        It protects you from negative energy.
 r - an amulet of reflection
 G - a +6 ring of strength
 K - a +6 ring of dexterity
 L - the ring of Misk (left hand) {rC+ rN+ MP+9 Str+2}
   (You found it in the Dungeon)

   [ring of magical power]

   Str:       It affects your strength (+2).
   rC:        It protects you from cold.
   rN:        It protects you from negative energy.
   MP:        It affects your magic capacity (+9).
 P - an amulet of guardian spirit
 X - a ring of willpower
Wands
 U - a wand of digging (8)
Scrolls
 j - a scroll of blinking
 n - 2 scrolls of silence
 y - 2 scrolls of summoning
 O - 7 scrolls of identify
Potions
 e - 7 potions of curing
 f - 4 potions of heal wounds
 g - 7 potions of haste
 h - 23 potions of magic
 m - a potion of attraction {unknown}
 u - 5 potions of flight
 w - 23 potions of mutation
 z - 3 potions of experience {unknown}
 A - 3 potions of cancellation {unknown}
 E - a potion of resistance
 V - a potion of might
Miscellaneous
 F - a condenser vane
 H - a lightning rod (3/4)
 J - a phial of floods


   Skills:
 + Level 25.0 Fighting
 + Level 25.5 Axes
 + Level 16.3 Armour
 + Level 15.2 Dodging
 + Level 13.8 Stealth
 + Level 20.0 Shields
 + Level 3.3 Evocations


You had 13 spell levels left.
You didn't know any spells.
Your spell library was empty.

Dungeon Overview and Level Annotations

Branches:
Dungeon (1/1)

Altars:
Cheibriados
Dithmenos
Elyvilon
Fedhas
Gozag
Hepliaklqana
Kikubaaqudgha
Makhleb
Nemelex Xobeh
Okawaru
Qazlal
Ru
Sif Muna
Trog
Uskayaw
Vehumet
Wu Jian
Xom
Yredelemnul
Zin
The Shining One
Jiyva
Lugonu

Shops:
D *:?=:(*:=:!?[(?[?:[!=[*![*!(*[:*![

Annotations:
D Gloorx Vloq


Innate Abilities, Weirdness & Mutations

You have a pair of horns on your head.
You reflexively headbutt those who attack you in melee.
Your flesh is cold resistant. (rC+)
You are dopey. (Int -2)
Your flesh is heat resistant. (rF+)
You are very frail. (-20% HP)
Your magical capacity is low. (-10% MP)
You occasionally shout uncontrollably at your foes.
Your muscles are strong. (Str +4, Int/Dex -1)
Your spells are a little easier to cast, but a little less powerful.
You sometimes lose the ability to drink potions when taking damage.
You passively dampen the noise of your surroundings.


Message History

The Executioner seems to speed up.
The golden eye blinks at you.
You are confused.
Gloorx Vloq calls on the powers of darkness!
Your body is wracked with pain!
* * * LOW HITPOINT WARNING * * *
The golden eye convulses!
The curse toe calls on the powers of darkness!
Your body is wracked with pain!
* * * LOW HITPOINT WARNING * * *
The golden eye convulses!
The deathcap misses you.
The wandering mushroom releases spores at you!
* * * LOW HITPOINT WARNING * * *
You are engulfed in a cloud of spores!
You are more confused.
The wandering mushroom misses you.
The wandering mushroom barely misses you.
You bump into the unnaturally hard rock wall.
Gloorx Vloq calls on the powers of darkness!
Your body is wracked with pain!
* * * LOW HITPOINT WARNING * * *
The golden eye blinks!
The wandering mushroom closely misses you.
The deathcap misses you.
The wandering mushroom releases spores at you but does no damage. x2
You slice the wandering mushroom!! You burn the wandering mushroom!
You destroy the wandering mushroom!
The wandering mushroom disappears in a puff of smoke!
You completely miss the curse toe. You slice the deathcap!!
You burn the deathcap! You barely miss the wandering mushroom.
You slice the wandering mushroom!! You burn the wandering mushroom!
You destroy the wandering mushroom!
The wandering mushroom disappears in a puff of smoke!
Gloorx Vloq calls on the powers of darkness!
Your body is wracked with pain!
* * * LOW HITPOINT WARNING * * *
The golden eye blinks at you. You resist with almost no effort.
The deathcap completely misses you.
The wandering mushroom releases spores at you!
You die...

###### #:}|)#
▓▓▓▓▓▓▓▓▓▓▓▓▓▓▓▓▓▓▓▓▓▓▓▓▓
##..[)##▓...1&1z@f'..♣♣.....♣♣.).
...(....▓.G.1B▓f§§▓.♣♣..♣...♣♣...
........▓.... ▓.▓▓▓.♣♣..♣♣..♣♣..♣
#⌠....#'▓▓▓. ▓...▓.♣♣..♣♣..♣...♣
##...†#..▓▓▓+▓▓▓▓.▓.♣...♣♣......♣
§##§)##...+.°.▓0..▓[...^▓▓▓▓▓▓▓▓▓
##≈.†.###.#.○.▓▓▓▓▓▓▓▓▓▓▓▓▓▓▓▓▓..
#§§§....#.#..○▓≈§≈§≈≈≈≈▓▓▓..^.▓.'
####....#.##○)▓▓▓▓▓▓▓▓▓▓▓▓'▓▓.▓.'


You could see Gloorx Vloq, a curse toe, 3 Executioners, a deathcap (summoned), a
wandering mushroom (summoned), a death scarab (summoned) and a golden eye.

Vanquished Creatures
  the Lernaean hydra (D)
  A golden dragon (D)
  Nikola (D)
  An electric golem (D)
  A hellephant (D)
  3 quicksilver dragons (D)
  A deep elf blademaster (D)
  A deep elf master archer (D)
  A kraken (D)
  Gastronok (D)
  2 sphinxes (D)
  A storm dragon (D)
  A draconian shifter (D)
  3 lorocyprocas (D)
  A dire elephant (D)
  A crystal guardian (D)
  A fire dragon (D)
  An iron golem (D)
  A great orb of eyes (D)
  A yaktaur captain (D)
  An ice dragon (D)
  A centaur warrior (D)
  An iron elemental (D)
  Sonja (D)
  3 sixfirhies (D)
  A skeletal warrior (D)
  A slime creature (D)
  2 death drakes (D)
  2 deep trolls (D)
  A glowing orange brain (D)
  An orange crystal statue (D)
  An obsidian statue (D)
  A harpy (D)
  15 shining eyes (D)
  An oklob plant (D)
  3 orc sorcerers (D)
  A merfolk siren (D)
  3 manticores (D)
  An elephant (D)
  3 toenail golems (D)
  An eye of devastation (D)
  An ice statue (D)
  2 cane toads (D)
  2 unseen horrors (D)
  A yaktaur (D)
  5 polar bears (D)
  A hornet (D)
  18 flying skulls (D)
  7 wyverns (D)
  3 yaks (D)
  4 neqoxecs (D)
  2 redbacks (D)
  Menkaure (D)
  6 water moccasins (D)
  10 floating eyes (D)
  3 black bears (D)
  2 swamp drakes (D)
  2 earth elementals (D)
  A scorpion (D)
  5 necrophages (D)
  4 lava snakes (D)
  An iron imp (D)
  4 orc priests (D)
  A jelly (D)
  A spectral ball python (D)
  A spectral quokka (D)
  A ballistomycete spore (D)
  3 tentacles (D)
162 creatures vanquished.

Vanquished Creatures (others)
  Kirke (D)
  A kobold demonologist (D)
  A water moccasin (D)
  A ballistomycete spore (D)
  9 tentacles (D)
13 creatures vanquished.

Grand Total: 175 creatures vanquished

Notes
Turn   | Place    | Note
-------+----------+-------------------------------------------
     0 | D        | boopmooplesden the Minotaur Fighter began the quest for the
                  | Orb.
     0 | D        | Reached XP level 1. HP: 19/19 MP: 0/0
     1 | D        | Noticed a wyvern
     1 | D        | Noticed a wyvern
     4 | D        | Noticed a neqoxec
     4 | D        | Noticed a neqoxec
     4 | D        | Noticed a neqoxec
     4 | D        | Noticed a neqoxec
     8 | D        | Killed a neqoxec
     8 | D        | Gained mutation: Your flesh is cold resistant. (rC+) [a
                  | neqoxec]
     9 | D        | Reached XP level 2. HP: 18/34 MP: 1/1
     9 | D        | Reached XP level 3. HP: 21/39 MP: 2/2
     9 | D        | Reached XP level 4. HP: 26/47 MP: 3/3
    11 | D        | Killed a neqoxec
    12 | D        | Reached skill level 5 in Axes
    12 | D        | Reached XP level 5. HP: 31/57 MP: 4/4
    14 | D        | Killed a neqoxec
    14 | D        | Gained mutation: You occasionally shout uncontrollably at
                  | your foes. [a neqoxec]
    15 | D        | Reached skill level 10 in Fighting
    15 | D        | Reached XP level 6. HP: 36/66 MP: 5/5
    20 | D        | Killed a neqoxec
    21 | D        | Reached skill level 10 in Armour
   246 | D        | Noticed a merfolk siren
   258 | D        | Killed a merfolk siren
   259 | D        | Reached skill level 10 in Shields
   259 | D        | Reached XP level 7. HP: 65/75 MP: 6/6
   416 | D        | Reached skill level 1 in Dodging
   416 | D        | Reached XP level 8. HP: 71/83 MP: 7/7
   424 | D        | Reached skill level 10 in Axes
   649 | D        | Found Zomep's Weapon Shop.
   649 | D        | Found Ilucoise's Antique Armour Shop.
   649 | D        | Found Leicliog's Assorted Antiques.
   649 | D        | Found Riokit's Jewellery Boutique.
   649 | D        | Found Jaocohou's Distillery.
   649 | D        | Found Iblas's Distillery.
   650 | D        | Found Ulaprol's Magic Scroll Shop.
   651 | D        | Found Xutaor's Antique Weapon Shop.
   651 | D        | Found Cumem's Antique Armour Boutique.
   651 | D        | Noticed a manticore
   652 | D        | Found Adghouki's Distillery.
   652 | D        | Noticed Menkaure
   652 | D        | Noticed a manticore
   663 | D        | Killed Menkaure
   689 | D        | Found Tosasis's Jewellery Shop.
   689 | D        | Found Daipt's Book Boutique.
   689 | D        | Noticed a manticore
   689 | D        | Noticed an oklob plant
   690 | D        | Found Togg's Jewellery Shop.
   690 | D        | Found Mewaereta's Magic Scroll Boutique.
   690 | D        | Found Xafaina's Book Shoppe.
   701 | D        | Bought a spiked ring mail for 243 gold pieces
   701 | D        | Identified the +1 ring mail of the Original Sin {Will+}
                  | (You bought it in a shop in the Dungeon)
   701 | D        | Bought a transparent buckler for 256 gold pieces
   701 | D        | Identified the +2 buckler of Somewhere Else {Str+5} (You
                  | bought it in a shop in the Dungeon)
   721 | D        | Noticed a slime creature
   722 | D        | Noticed a slime creature
   723 | D        | Noticed a slime creature
   756 | D        | Found a snail-covered altar of Cheibriados.
   757 | D        | Found a shadowy altar of Dithmenos.
   758 | D        | Found a white marble altar of Elyvilon.
   758 | D        | Found an ancient bone altar of Kikubaaqudgha.
   758 | D        | Found a viscous altar of Jiyva.
   759 | D        | Found a blossoming altar of Fedhas.
   759 | D        | Found a corrupted altar of Lugonu.
   759 | D        | Found a shimmering blue altar of Sif Muna.
   760 | D        | Found an opulent altar of Gozag.
   760 | D        | Found a burning altar of Makhleb.
   760 | D        | Found a bloodstained altar of Trog.
   761 | D        | Found a sparkling altar of Nemelex Xobeh.
   761 | D        | Found a hide-covered altar of Uskayaw.
   762 | D        | Found an iron altar of Okawaru.
   762 | D        | Found a radiant altar of Vehumet.
   762 | D        | Found a glowing silver altar of Zin.
   763 | D        | Noticed a yaktaur
   763 | D        | Noticed a hornet
   763 | D        | Noticed a polar bear
   763 | D        | Noticed a polar bear
   764 | D        | Noticed a polar bear
   768 | D        | Killed a polar bear
   772 | D        | Killed a hornet
   773 | D        | Reached XP level 9. HP: 92/92 MP: 8/8
   776 | D        | Killed a polar bear
   779 | D        | Killed a polar bear
   780 | D        | Reached skill level 1 in Stealth
   782 | D        | Killed a yaktaur
   791 | D        | Found a basalt altar of Yredelemnul.
   793 | D        | Found a hazy altar of Hepliaklqana.
   793 | D        | Found a sacrificial altar of Ru.
   793 | D        | Found a shimmering altar of Xom.
   794 | D        | Found a stormy altar of Qazlal.
   794 | D        | Found an ornate altar of the Wu Jian Council.
   794 | D        | Found a glowing golden altar of the Shining One.
   801 | D        | Became a worshipper of Trog the Wrathful
   824 | D        | Noticed a kraken
   836 | D        | Reached skill level 5 in Dodging
   843 | D        | Reached * piety under Trog
  1048 | D        | Noticed an ice statue
  1064 | D        | Noticed a deep troll
  1064 | D        | Noticed a deep troll
  1071 | D        | Killed a deep troll
  1072 | D        | Reached skill level 15 in Axes
  1078 | D        | Killed a deep troll
  1079 | D        | Reached XP level 10. HP: 84/103 MP: 9/9
  1306 | D        | Identified a scroll of acquirement
  1306 | D        | Acquired 552 gold pieces
  1333 | D        | Killed a kraken
  1333 | D        | Reached ** piety under Trog
  1676 | D        | Noticed Kirke
  1676 | D        | Noticed a yaktaur captain
  1676 | D        | Noticed a skeletal warrior
  1695 | D        | Killed a yaktaur captain
  1696 | D        | Reached skill level 15 in Fighting
  1756 | D        | Killed Kirke
  1843 | D        | Noticed a great orb of eyes
  1850 | D        | Killed a great orb of eyes
  2083 | D        | Killed a skeletal warrior
  2174 | D        | Noticed a centaur warrior
  2178 | D        | Killed a centaur warrior
  2178 | D        | Reached *** piety under Trog
  2211 | D        | Reached XP level 11. HP: 114/114 MP: 10/10
  2215 | D        | Reached **** piety under Trog
  2234 | D        | Reached ***** piety under Trog
  2252 | D        | Received a gift from Trog
  2310 | D        | Noticed an ice dragon
  2314 | D        | Killed an ice dragon
  2316 | D        | Received a gift from Trog
  2348 | D        | Found Guthryehi's General Store.
  2348 | D        | Found Mostraiv's Book Shop.
  2349 | D        | Found Qangoj's Weapon Shop.
  2349 | D        | Found Gewo's Distillery.
  2349 | D        | Found Cifok's Magic Scroll Boutique.
  2349 | D        | Found Neuh Femm's Book Emporium.
  2349 | D        | Found Qahuc's Armour Shop.
  2349 | D        | Found Vuarig's Assorted Antiques.
  2349 | D        | Found Gonatt's Magic Scroll Boutique.
  2349 | D        | Found Lualagea's Armour Emporium.
  2349 | D        | Found Ligont's Antique Armour Shop.
  2349 | D        | Found Heisow's Assorted Antiques.
  2356 | D        | Bought a scroll of acquirement for 676 gold pieces
  2356 | D        | Acquired a manual of Stealth
  2364 | D        | Bought ancient swamp dragon scales for 1100 gold pieces
  2364 | D        | Identified the +0 swamp dragon scales of Vappuhu {rPois
                  | Stlth+} (You bought it in a shop in the Dungeon)
  2424 | D        | Noticed an obsidian statue
  2455 | D        | Noticed a sphinx
  2455 | D        | Noticed a sphinx
  2458 | D        | Killed a sphinx
  2460 | D        | Killed a sphinx
  2460 | D        | Received a gift from Trog
  2507 | D        | Noticed a sixfirhy
  2510 | D        | Noticed a sixfirhy
  2518 | D        | Noticed a sixfirhy
  2526 | D        | Found Bethroma's Book Shoppe.
  2527 | D        | Found Ryefos's Assorted Antiques.
  2536 | D        | Bought a pair of boots for 108 gold pieces
  2901 | D        | Killed a sixfirhy
  2902 | D        | Reached skill level 10 in Dodging
  2903 | D        | Killed a sixfirhy
  2907 | D        | Killed a sixfirhy
  2910 | D        | Noticed Gastronok
  2919 | D        | Killed Gastronok
  2919 | D        | Reached ****** piety under Trog
  2920 | D        | Reached skill level 5 in Stealth
  2920 | D        | Reached XP level 12. HP: 104/130 MP: 11/11
  2976 | D        | Noticed a dire elephant
  2983 | D        | Killed a dire elephant
  2983 | D        | Received a gift from Trog
  2984 | D        | Reached skill level 15 in Shields
  3025 | D        | Identified the +6 dagger "Tamnynapso" {vorpal, rN+++}
  3046 | D        | Identified the ring of Misk {rC+ rN+ MP+9 Str+2}
  3063 | D        | Identified the +7 whip of Tension {freeze, rPois rC++
                  | Int-5}
  3194 | D        | Received a gift from Trog
  3365 | D        | Noticed a deep elf blademaster
  3376 | D        | Killed a deep elf blademaster
  3407 | D        | Received a gift from Trog
  3528 | D        | Acquired the +8 broad axe "Kuixtew" {vamp, rElec rF+ Dex+4
                  | Stlth-}
  3544 | D        | Gained mutation: Armour fits poorly on your strangely
                  | shaped body. [a shining eye]
  3544 | D        | Gained mutation: You frequently scream uncontrollably at
                  | your foes. [a shining eye]
  3545 | D        | Gained mutation: You are frail. (-10% HP) [a shining eye]
  3545 | D        | Gained mutation: Your magical capacity is low. (-10% MP) [a
                  | shining eye]
  3548 | D        | Paralysed by a floating eye for 3 turns
  3551 | D        | Gained mutation: Your magical capacity is very low. (-20%
                  | MP) [a shining eye]
  3552 | D        | Received a gift from Trog
  3553 | D        | Reached skill level 15 in Armour
  3557 | D        | Reached skill level 1 in Evocations
  3562 | D        | Received a gift from Trog
  3571 | D        | Gained mutation: You are clumsy. (Dex -2) [a shining eye]
  3572 | D        | Gained mutation: Your body sometimes deteriorates upon
                  | taking damage. [a shining eye]
  3619 | D        | Lost mutation: Your body sometimes deteriorates upon taking
                  | damage. [potion of mutation]
  3619 | D        | Lost mutation: Your flesh is cold resistant. (rC+) [potion
                  | of mutation]
  3619 | D        | Gained mutation: Your muscles are strong. (Str +4, Int/Dex
                  | -1) [potion of mutation]
  3620 | D        | Lost mutation: You are clumsy. (Dex -2) [potion of
                  | mutation]
  3620 | D        | Lost mutation: You are frail. (-10% HP) [potion of
                  | mutation]
  3620 | D        | Lost mutation: You frequently scream uncontrollably at your
                  | foes. [potion of mutation]
  3620 | D        | Gained mutation: You are covered in fur. (AC +1) [potion of
                  | mutation]
  3620 | D        | Gained mutation: You have hidden genetic potential. [potion
                  | of mutation]
  3663 | D        | Noticed Sonja
  3665 | D        | Noticed a purple draconian shifter
  3666 | D        | Noticed a hellephant
  3673 | D        | Received a gift from Trog
  3674 | D        | Reached XP level 13. HP: 140/143 MP: 9/9
  3679 | D        | Killed Sonja
  3680 | D        | Reached skill level 10 in Stealth
  3683 | D        | Killed a hellephant
  3690 | D        | Killed a purple draconian shifter
  4067 | D        | Identified the +8 war axe "Yluuzeuwub" {flame, Dex+6} (Trog
                  | gifted it to you in the Dungeon)
  4067 | D        | Received a gift from Trog
  4081 | D        | Noticed Nikola
  4087 | D        | Gained mutation: You are frail. (-10% HP) [mutagenic glow]
  4093 | D        | Noticed the 27-headed Lernaean hydra
  4106 | D        | Gained mutation: Your body sometimes deteriorates upon
                  | taking damage. [mutagenic glow]
  4128 | D        | Gained mutation: Your body often deteriorates upon taking
                  | damage. [mutagenic glow]
  4142 | D        | Gained mutation: You are very frail. (-20% HP) [mutagenic
                  | glow]
  4153 | D        | Gained mutation: Your spells are a little easier to cast,
                  | but a little less powerful. [mutagenic glow]
  4155 | D        | Lost mutation: You are covered in fur. (AC +1) [potion of
                  | mutation]
  4155 | D        | Lost mutation: Your body often deteriorates upon taking
                  | damage. [potion of mutation]
  4155 | D        | Gained mutation: Your flesh is cold resistant. (rC+)
                  | [potion of mutation]
  4156 | D        | Lost mutation: Armour fits poorly on your strangely shaped
                  | body. [potion of mutation]
  4156 | D        | Lost mutation: Your body sometimes deteriorates upon taking
                  | damage. [potion of mutation]
  4156 | D        | Gained mutation: Your muscles are very strong. (Str +8,
                  | Int/Dex -2) [potion of mutation]
  4157 | D        | Lost mutation: You have hidden genetic potential. [potion
                  | of mutation]
  4157 | D        | Lost mutation: Your magical capacity is very low. (-20% MP)
                  | [potion of mutation]
  4157 | D        | Lost mutation: Your muscles are very strong. (Str +8,
                  | Int/Dex -2) [potion of mutation]
  4157 | D        | Gained mutation: You passively dampen the noise of your
                  | surroundings. [potion of mutation]
  4157 | D        | Gained mutation: Your flesh is heat resistant. (rF+)
                  | [potion of mutation]
  4173 | D        | Killed Nikola
  4173 | D        | Identified the +6 broad axe "Zuffynuru" {flame, rElec rCorr
                  | Stlth-} (Trog gifted it to you in the Dungeon)
  4173 | D        | Received a gift from Trog
  4551 | D        | Killed the 25-headed Lernaean hydra
  4554 | D        | Found Geanaa's Book Shoppe.
  4716 | D        | Identified the +4 rapier of Integrity {speed, *Noise rElec
                  | Int+4 Dex+6}
  4724 | D        | Received a gift from Trog
  5251 | D        | Noticed a storm dragon
  5257 | D        | Killed a storm dragon
  5377 | D        | Acquired the +2 pair of boots "Etebryss" {Regen+ Dex+4}
  5407 | D        | Found Hakey's Armour Boutique.
  5407 | D        | Found Ritir's Distillery.
  5407 | D        | Found Aqydu's General Store.
  5407 | D        | Found Qeqisch's Antique Armour Emporium.
  5407 | D        | Noticed a golden dragon
  5416 | D        | Killed a golden dragon
  5426 | D        | Acquired 676 gold pieces
  5430 | D        | Acquired the +5 pair of gloves of Mirth {rF+ Will+ Dex+3}
  5794 | D        | Noticed a crystal guardian
  5931 | D        | Killed a crystal guardian
  5931 | D        | Identified the +3 broad axe "Piobioli" {flame, *Corrode
                  | Str+8 Int-5 Stlth+} (Trog gifted it to you in the Dungeon)
  5931 | D        | Received a gift from Trog
  5932 | D        | Noticed an electric golem
  5966 | D        | Received a gift from Trog
  5986 | D        | Noticed an iron golem
  5991 | D        | Killed an electric golem
  5998 | D        | Killed an iron golem
  6041 | D        | Noticed a deep elf master archer
  6048 | D        | Reached XP level 14. HP: 126/126 MP: 11/11
  6049 | D        | Received a gift from Trog
  6158 | D        | Killed a deep elf master archer
  6183 | D        | Gained mutation: You occasionally lose the ability to drink
                  | potions when taking damage. [a shining eye]
  6183 | D        | Gained mutation: You are dopey. (Int -2) [a shining eye]
  6184 | D        | Gained mutation: You sometimes lose the ability to drink
                  | potions when taking damage. [a shining eye]
  6185 | D        | Received a gift from Trog
  6191 | D        | Reached skill level 15 in Dodging
  6225 | D        | Acquired the ring "Holaiw" {rN+ Dex+8}
  6233 | D        | Acquired a manual of Unarmed Combat
  6241 | D        | Acquired the +11 war axe of Revolt {vorpal, rF+}
  6329 | D        | Noticed a quicksilver dragon
  6337 | D        | Killed a quicksilver dragon
  6346 | D        | Received a gift from Trog
  6372 | D        | Noticed a quicksilver dragon
  6382 | D        | Killed a quicksilver dragon
  6409 | D        | Noticed a quicksilver dragon
  6417 | D        | Killed a quicksilver dragon
  6454 | D        | Noticed a royal mummy
  6454 | D        | Noticed a curse toe
  6454 | D        | Noticed Gloorx Vloq
  6458 | D        | Noticed an Executioner
  6460 | D        | Noticed an Executioner
  6460 | D        | Noticed an Executioner
  6461 | D        | HP: 6/129 [wandering mushroom[a curse toe] (8)]
  6463 | D        | Slain by a wandering mushroom

Illustrated notes

Levels and vault maps discovered:
D:        the_violet_keep_of_menkaure [sprint2_stairs_cluster_1,
          sprint2_shoproom, sprint2_temple, sprint2_basic_supplies,
          sprint2_obstacle_3, sprint2_obstacle_2, sprint2_obstacle_1,
          sprint2_obstacle_4, sprint2_obstacle_5, sprint2_timed_cluster_1,
          sprint2_smallroom_cluster_1, sprint2_smallroom_final_cluster_1,
          sprint2_transparent_cluster_1, sprint2_second_timed_cluster_1,
          sprint2_sniper_area_1, sprint2_heavy_combat_area_1,
          sprint2_mutation_trap_area_1, sprint2_forest_area_1,
          sprint2_light_combat_area_1, sprint2_behind_water_1,
          sprint2_near_end_vault_1]

Skill      XL: |  1  2  3  4  5  6  7  8  9 10 11 12 13 14 |
---------------+-------------------------------------------+-----
Fighting       | 7 9 10 11 12 14 16 19 21 23 25 | 25.0
Axes           | 4 5 6 9 12 16 18 20 22 24 25 | 25.5
Armour         | 7 8 9 11 12 13 14 15 16 | 16.3
Shields        | 7 8 9 10 11 12 13 14 17 18 20 | 20.0
Dodging        | 1 3 6 7 10 12 14 15 | 15.2
Stealth        | 1 2 5 9 12 13 | 13.8
Evocations     | 1 3 |  3.3

Action                   |  1- 3 |  4- 6 |  7- 9 | 10-12 | 13-15 || total
-------------------------+-------+-------+-------+-------+-------++-------
Melee: War axe           |     3 |    22 |    87 |    82 |       ||   194
       Headbutt          |     1 |     3 |    19 |    36 |    47 ||   106
       Broad axe         |       |       |       |   116 |   155 ||   271
Invok: Berserk           |       |       |     1 |     8 |     8 ||    17
Evoke: Lightning rod     |       |       |       |     3 |     2 ||     5
       Condenser vane    |       |       |       |     2 |       ||     2
  Use: Potion            |     1 |       |     1 |     9 |    12 ||    23
       Scroll            |       |       |       |    14 |     7 ||    21
 Stab: Sleeping          |       |       |       |     2 |     5 ||     7
       Confused          |       |       |       |     5 |       ||     5
Armor: Scale mail        |     1 |     2 |     2 |       |       ||     5
       Ring mail         |       |       |    10 |    18 |       ||    28
       Swamp dragon scal |       |       |       |    15 |    60 ||    75
Dodge: Dodged            |       |     4 |    49 |    60 |    72 ||   185
Block: Buckler           |     1 |     3 |    22 |    52 |    62 ||   140
       Reflection        |       |       |       |       |     1 ||     1
